 Dungeon Crawl Stone Soup version 0.17.1-3-g152610e (webtiles) character file.

3129 juanjsm the Reanimator (level 9, -9/74 HPs)
             Began as a Deep Dwarf Necromancer on Mar 3, 2016.
             Was a Follower of Ashenzari.
             Mangled by a six-headed hydra (15 damage)
             ... on level 7 of the Dungeon.
             The game lasted 02:42:38 (7643 turns).

juanjsm the Reanimator (Deep Dwarf Necromancer)     Turns: 7643, Time: 02:42:39

Health: -9/74      AC:  5    Str: 12      XL:     9   Next: 61%
Magic:  7/15       EV: 14    Int: 19      God:    Ashenzari [*.....]
Gold:   449        SH:  0    Dex:  9 (13) Spells: 8 memorised, 2 levels left

rFire  . . .     SeeInvis .     x - -1 flail (curse)
rCold  + . .     Clarity  .     m - +1 robe of Enirocasm {rC+} (curse)
rNeg   . . .     SustAt   .     (no shield)
rPois  .         Gourm    .     A - +1 helmet (curse)
rElec  .         Spirit   .     (no cloak)
rCorr  .         Warding  .     (no gloves)
rMut   .         Stasis   .     (no boots)
MR     +....                    (no amulet)
Stlth  +++.......               e - ring of wizardry (curse)
                                i - ring of stealth

@: non-regenerating, somewhat resistant to hostile enchantments, fairly stealthy
A: damage resistance, recharge devices, sense surroundings 2, slow regeneration
3, evolution 1
a: Device Recharging, Scrying, Renounce Religion


You were on level 7 of the Dungeon.
You worshipped Ashenzari.
Ashenzari was aware of your devotion.
You were not hungry.

You visited 2 branches of the dungeon, and saw 9 of its levels.

You collected 660 gold pieces.
You spent 211 gold pieces at shops.

Inventory:

Hand Weapons
 j - a +0 hunting sling of flaming
 p - a +3 flail of protection
 q - a +5 flail
 r - a +0 dagger of holy wrath
 t - a cursed -2 falchion
 x - a cursed -1 flail (weapon)
 H - a cursed -1 short sword
Missiles
 v - 31 sling bullets
Armour
 k - a +3 leather armour
 m - the cursed +1 robe of Enirocasm (worn) {rC+}
   (You found it on level 5 of the Dungeon)

   It protects you from cold.
   It has a curse placed upon it.
 A - a cursed +1 helmet (worn)
 L - a +2 leather armour of positive energy
Magical Staves
 y - an uncursed staff of cold
Jewellery
 e - a cursed ring of wizardry (right hand)
 g - an uncursed ring of poison resistance
 i - a ring of stealth (left hand)
 l - an uncursed ring of positive energy
 w - an uncursed ring of stealth
 F - a +5 ring of evasion
 G - an uncursed ring of protection from fire
 I - a cursed -3 ring of evasion
Wands
 c - a wand of heal wounds (1)
 f - a wand of fire (1)
 E - a wand of frost (17)
Scrolls
 h - 2 scrolls of magic mapping
 o - 2 scrolls of enchant weapon
 z - a scroll of blinking {unknown}
 B - a scroll of enchant armour
 K - 3 scrolls of noise {unknown}
 N - 2 scrolls of remove curse
Potions
 a - a potion of berserk rage
 s - a potion of resistance {unknown}
 u - a potion of flight
Books
 b - a book of Necromancy

   Spells                             Type                      Level
   a - Pain                           Necromancy                   1
   b - Animate Skeleton               Necromancy                   1
   c - Vampiric Draining              Necromancy                   3
   d - Regeneration                   Charms/Necromancy            3
   e - Animate Dead                   Necromancy                   4
   f - Control Undead                 Necromancy                   4
 n - a book of Alchemy

   Spells                             Type                      Level
   a - Sublimation of Blood           Necromancy                   2
   b - Ignite Poison                  Fire/Transmutation/Poison    3
   c - Alistair's Intoxication        Transmutation/Poison         4
   d - Condensation Shield            Ice                          4
   e - Petrify                        Transmutation/Earth          4
   f - Irradiate                      Conjuration/Transmutation    5
 J - a book of the Dragon

   Spells                             Type                      Level
   a - Flame Tongue                   Conjuration/Fire             1
   b - Cause Fear                     Hexes                        4
   c - Bolt of Fire                   Conjuration/Fire             6
   d - Dragon Form                    Transmutation                7
   e - Dragon's Call                  Summoning                    9
 M - a book of Flames

   Spells                             Type                      Level
   a - Flame Tongue                   Conjuration/Fire             1
   b - Throw Flame                    Conjuration/Fire             2
   c - Conjure Flame                  Conjuration/Fire             3
   d - Inner Flame                    Hexes/Fire                   3
   e - Sticky Flame                   Conjuration/Fire             4
   f - Fireball                       Conjuration/Fire             5
Comestibles
 d - 5 bread rations
 C - 2 beef jerkies
 D - 6 fruits


   Skills:
 + Level 2.9 Fighting
 + Level 1.0 Short Blades
 + Level 6.7 Dodging
 + Level 4.3 Stealth
 + Level 7.0 Spellcasting
 + Level 9.4 Necromancy
 + Level 0.3 Earth Magic
 + Level 2.2 Evocations


You had 2 spell levels left.
You knew the following spells:

 Your Spells              Type           Power        Failure   Level  Hunger
a - Pain                  Necr           ####         1%          1    None
b - Animate Skeleton      Necr           N/A          1%          1    None
c - Vampiric Draining     Necr           #####.....   1%          3    #......
d - Animate Dead          Necr           N/A          1%          4    ###....
e - Control Undead        Necr           #####.....   1%          4    ###....
f - Sublimation of Blood  Necr           #####.....   1%          2    None
g - Petrify               Trmt/Erth      #.......     61%         4    ###....
h - Flame Tongue          Conj/Fire      #....        4%          1    None


Dungeon Overview and Level Annotations

Branches:
Dungeon (8/15)             Temple (1/1) D:7            Lair (0/8) D:8

Altars:
Ashenzari
Dithmenos
Elyvilon
Fedhas
Gozag
Kikubaaqudgha
Makhleb
Nemelex Xobeh
Okawaru
Qazlal
Ru
Sif Muna
Trog
Vehumet
Xom
Yredelemnul
Zin
The Shining One

Shops:
D:6 %   D:8 %

Annotations:
D:6 SaintRoka's ghost, novice OgAr
D:8 FoodShop


Innate Abilities, Weirdness & Mutations

You are resistant to damage.
You can recharge devices by infusing magical energy.
You passively map the area around you.
You do not regenerate naturally.
You evolve.


Message History

Press: ? - help, Shift-Dir - straight line, f - you You feel much better.
This wand has 2 charges left.
The six-headed hydra completely misses you.
The six-headed hydra bites you but does no damage.
The six-headed hydra bites you! x2
* * * LOW HITPOINT WARNING * * *
The six-headed hydra barely misses you. The six-headed hydra bites you!
* * * LOW HITPOINT WARNING * * *
A sky beast comes into view.
Evoke which item? (* to show all) (? for menu, Esc to quit)
Zapping:
c - a wand of heal wounds (2)
Press: ? - help, Shift-Dir - straight line, f - you You feel much better.
This wand has 1 charge left.
The six-headed hydra bites you!
* * * LOW HITPOINT WARNING * * *
The six-headed hydra bites you but does no damage.
The six-headed hydra bites you!
* * * LOW HITPOINT WARNING * * *
The six-headed hydra bites you!
You die...

#.........# #################
#.........#
#...##....Y.....###.........#
........^........##.........#
.................##.........#
.................##.........#
..[..............##........##
..........)......D.[#.######
....##......##.#@.....#####
..#########..#.#..#.......#####
### ##.#.#..#.#####.....# #
#........# ###...## ## ##.[....##
##....## .###### ##......##
##......# ......#* ##........#
#.......# ..###..###.........###
#.......#
..####..>............####......##


You could see a six-headed hydra and a sky beast.

Vanquished Creatures
  Pikel (D:4)
  Prince Ribbit (D:8)
  A trapdoor spider (D:8)
  A hippogriff (D:8)
  Edmund (D:4)
  3 orc warriors
  A black bear (D:8)
  An ice beast (D:5)
  An ogre (D:6)
  A crocodile (D:4)
  A slave (D:4)
  A centaur (D:6)
  5 giant frogs
  A scorpion (D:7)
  2 wights (D:8)
  5 orc priests
  A jelly (D:8)
  A quasit (D:8)
  A centaur zombie (D:8)
  2 hounds
  A crimson imp (D:8)
  Ijyb (D:3)
  4 worker ants
  An iguana (D:5)
  5 orc wizards
  A killer bee zombie (D:8)
  A hound zombie (D:5)
  A hound skeleton (D:8)
  Robin (D:4)
  10 gnolls
  8 adders
  A shadow imp (D:5)
  An adder skeleton (D:5)
  5 giant geckos
  40 orcs
  8 hobgoblins
  18 jackals
  2 quokkas
  6 bats
  6 giant cockroaches
  2 giant newts
  11 goblins
  A jackal skeleton (D:4)
  4 kobolds
  9 rats
  A fungus (D:1)
181 creatures vanquished.

Vanquished Creatures (collateral kills)
  A centaur (D:7)
  2 wights (D:8)
  A crimson imp (D:6)
  3 centaur skeletons
  2 iguanas
  2 worker ants
  A gnoll (D:8)
  4 orcs
  5 goblins
  4 jackals
  A bat (D:3)
  A giant newt (D:3)
  3 rats (D:1)
  A fungus (D:1)
31 creatures vanquished.

Grand Total: 212 creatures vanquished

Notes
Turn   | Place    | Note
--------------------------------------------------------------
     0 | D:1      | juanjsm the Deep Dwarf Necromancer began the quest for the Orb.
     0 | D:1      | Reached XP level 1. HP: 15/15 MP: 3/3
    14 | D:1      | Learned a level 1 spell: Animate Skeleton
   358 | D:1      | Reached XP level 2. HP: 11/22 MP: 5/5
   962 | D:2      | Found a white marble altar of Elyvilon.
  1111 | D:2      | Reached XP level 3. HP: 26/28 MP: 1/6
  1405 | D:3      | Reached skill level 5 in Necromancy
  1405 | D:3      | Reached XP level 4. HP: 28/37 MP: 0/8
  1639 | D:3      | Noticed Ijyb
  1671 | D:3      | Killed Ijyb
  1770 | D:3      | Your ally Ijyb died
  1777 | D:3      | Reached XP level 5. HP: 16/43 MP: 2/9
  1798 | D:3      | Learned a level 3 spell: Vampiric Draining
  1803 | D:3      | Learned a level 4 spell: Animate Dead
  1948 | D:3      | Found a shattered altar of Ashenzari.
  1950 | D:3      | Found a glowing golden altar of the Shining One.
  1950 | D:3      | Found a burning altar of Makhleb.
  1950 | D:3      | Found a glowing silver altar of Zin.
  2163 | D:4      | Noticed a slave
  2163 | D:4      | Noticed a slave
  2163 | D:4      | Noticed Edmund
  2165 | D:4      | Noticed Pikel
  2165 | D:4      | Noticed a slave
  2260 | D:4      | HP: 2/43 [orc priest/divine providence (10)]
  2504 | D:4      | Reached skill level 1 in Fighting
  2509 | D:4      | Noticed a phantom
  2619 | D:4      | Noticed Robin
  2653 | D:4      | Killed Robin
  2660 | D:4      | Reached XP level 6. HP: 46/51 MP: 1/10
  2673 | D:4      | Killed Edmund
  2673 | D:4      | Reached skill level 1 in Evocations
  2760 | D:4      | Reached skill level 6 in Necromancy
  2770 | D:4      | Killed a slave
  2873 | D:4      | Noticed a slave
  2905 | D:4      | Killed Pikel
  2905 | D:4      | Reached skill level 1 in Short Blades
  2905 | D:4      | Reached XP level 7. HP: 33/60 MP: 0/12
  3025 | D:4      | Learned a level 4 spell: Control Undead
  3028 | D:4      | Learned a level 2 spell: Sublimation of Blood
  3052 | D:4      | Your ally Robin died
  3156 | D:4      | Your ally Pikel died
  3163 | D:5      | Entered Level 5 of the Dungeon
  3172 | D:5      | Got a slimy robe
  3188 | D:5      | Identified the +1 robe of Enirocasm {rC+} (You found it on level 5 of the Dungeon)
  3264 | D:5      | Reached XP level 8. HP: 45/67 MP: 1/13
  3315 | D:5      | Reached skill level 5 in Spellcasting
  3755 | D:5      | Reached skill level 7 in Necromancy
  4254 | D:6      | Reached skill level 5 in Dodging
  4428 | D:6      | Noticed SaintRoka's ghost (novice OgAr)
  4852 | D:3      | Became a worshipper of Ashenzari the Shackled
  5002 | D:6      | Found an opulent altar of Gozag.
  5003 | D:6      | Found a sparkling altar of Nemelex Xobeh.
  5055 | D:6      | Found Lottat's Food Boutique.
  5059 | D:6      | Bought a slice of pizza for 19 gold pieces
  5059 | D:6      | Bought a beef jerky for 19 gold pieces
  5059 | D:6      | Bought a slice of pizza for 19 gold pieces
  5059 | D:6      | Bought 4 fruits for 78 gold pieces
  5059 | D:6      | Bought a beef jerky for 19 gold pieces
  5059 | D:6      | Bought a slice of pizza for 19 gold pieces
  5059 | D:6      | Bought a beef jerky for 19 gold pieces
  5059 | D:6      | Bought a beef jerky for 19 gold pieces
  5445 | D:7      | Reached skill level 8 in Necromancy
  5909 | D:7      | Found a staircase to the Ecumenical Temple.
  5918 | Temple   | Entered the Ecumenical Temple
  6380 | D:7      | Gained mutation: You passively map the area around you. [Deep Dwarf growth]
  6380 | D:7      | Reached XP level 9. HP: 56/74 MP: 0/14
  6488 | D:7      | Learned a level 4 spell: Petrify
  6516 | D:8      | Found Komm's Food Shoppe.
  6902 | D:8      | Learned a level 1 spell: Flame Tongue
  6905 | D:8      | Reached * piety under Ashenzari
  7000 | D:8      | Noticed Prince Ribbit
  7015 | D:8      | Killed Prince Ribbit
  7015 | D:8      | Reached skill level 9 in Necromancy
  7137 | D:8      | Found a staircase to the Lair.
  7171 | D:8      | Your ally Prince Ribbit died
  7434 | D:8      | Gained mutation: You evolve. [potion of mutation]
  7476 | D:8      | Noticed a six-headed hydra
  7643 | D:7      | Mangled by a six-headed hydra

Action                   |  1- 3 |  4- 6 |  7- 9 || total
-------------------------+-------+-------+-------++-------
Melee: Short sword       |    33 |    72 |       ||   105
       Dagger            |       |    92 |    54 ||   146
       Flail             |       |       |   124 ||   124
 Cast: Pain              |    40 |    67 |    69 ||   176
       Animate Skeleton  |    14 |    12 |     3 ||    29
       Vampiric Draining |       |     9 |    97 ||   106
       Animate Dead      |       |     2 |     8 ||    10
       Control Undead    |       |       |    11 ||    11
       Sublimation of Bl |       |       |     1 ||     1
 Abil: Device Recharging |       |     2 |     2 ||     4
Evoke: Wand              |     1 |    16 |    12 ||    29
  Use: Scroll            |       |     9 |    10 ||    19
       Potion            |       |     5 |    14 ||    19
 Stab: Sleeping          |     1 |       |     1 ||     2
       Distracted        |       |       |     1 ||     1
  Eat: Meat ration       |     1 |       |     2 ||     3
       Pizza             |       |     2 |     4 ||     6
       Chunk             |       |     1 |     1 ||     2
       Beef jerky        |       |       |     3 ||     3
       Fruit             |       |       |     2 ||     2
